 Dungeon Crawl Stone Soup version 0.19.1-1-g22dce08 (webtiles) character file.

49 Alarkh the Chopper (level 3, 31/31 HPs)
             Began as a Draconian Monk on Jan 18, 2017.
             Was a Believer of Dithmenos.
             Quit the game on level 2 of the Dungeon.
             The game lasted 00:01:04 (870 turns).

Alarkh the Chopper (Draconian Monk)                  Turns: 870, Time: 00:01:05

Health: 31/31      AC:  5    Str: 13    XL:     3   Next: 53%
Magic:  3/3        EV: 13    Int: 11    God:    Dithmenos [**....]
Gold:   88         SH:  0    Dex: 13    Spells: 0 memorised, 2 levels left

rFire  . . .     SeeInvis .     a - +0 hand axe
rCold  . . .     Gourm    .     (armour unavailable)
rNeg   . . .     Faith    .     (no shield)
rPois  .         Spirit   .     (helmet restricted)
rElec  .         Reflect  .     (no cloak)
rCorr  +         Harm     .     (no gloves)
MR     .....                    (no boots)
Stlth  ++........               o - amulet of rage
                                (no ring)
                                g - ring of resist corrosion

@: wreathed by umbra
A: unfitting armour, cold-blooded, AC +5
a: Shadow Step, Renounce Religion, Evoke Berserk Rage


You were on level 2 of the Dungeon.
You worshipped Dithmenos.
Dithmenos was pleased with you.
You were not hungry.

You visited 1 branch of the dungeon, and saw 2 of its levels.

You collected 88 gold pieces.

Inventory:

Hand Weapons
 a - a +0 hand axe (weapon)
Jewellery
 g - a ring of resist corrosion (left hand)
 o - an amulet of rage (around neck)
Scrolls
 h - a scroll of enchant weapon {unknown}
 i - a scroll of identify {unknown}
 j - 2 scrolls of magic mapping {unknown}
 l - a scroll of recharging {unknown}
 m - a scroll of remove curse {unknown}
Potions
 c - 4 potions of brilliance {unknown}
 e - 2 potions of curing {unknown}
 k - 2 potions of cancellation {unknown}
 n - a potion of resistance {unknown}
Comestibles
 b - 2 bread rations
 d - 4 chunks of flesh
 f - 2 fruits


   Skills:
 - Level 3.2 Fighting
 + Level 4.6 Axes
 - Level 2.6 Dodging
 - Level 1.7 Stealth


You had 2 spell levels left.
You didn't know any spells.

Dungeon Overview and Level Annotations

Branches:
Dungeon (2/15)

Altars:
Dithmenos


Innate Abilities, Weirdness & Mutations

Your plain brown scales are hard. (AC +5)
You cannot fit into any form of body armour.
You are cold-blooded and may be slowed by cold attacks.


Message History

The adder bites you but does no damage.
Some of the chunks of flesh in your inventory have rotted away.
You hit the adder.
The adder is severely wounded.
The adder closely misses you.
You hit the adder.
You kill the adder!
No target in view!
You see here an adder corpse.
o - a dented zirconium amulet
o - an amulet of rage (around neck)
There is a faded altar of an unknown god here.
You cannot tell which god this altar belongs to.
Convert to them anyway?
Okay, then.
You cannot tell which god this altar belongs to.
Convert to them anyway?
Dithmenos accepts your prayer! Dithmenos welcomes you!
You are shrouded in an aura of darkness!
You can now step into the shadows of nearby creatures.
Are you sure you want to abandon this character and quit the game? (Confirm with "yes".)

#.## #... ####
##..##... #..#
#......### #..#####
#.(.......
###.....>###......##.
#..(.................
#...8....##..........
#..8.8...####.<......
#.8.@†8..# ###......
#..8.8..## #.##...
#...8...# #.#....
#.......# #.#....
###....## ##...##.
####.# ####...###.
#.. #........#. #.#
#.......... #.
#..........


There were no monsters in sight!

Vanquished Creatures
  2 adders (D:2)
  A dart slug (D:1)
  A ball python (D:1)
  4 bats (D:1)
  4 giant cockroaches (D:1)
  2 hobgoblins (D:1)
  3 jackals (D:1)
  A kobold (D:1)
  A frilled lizard (D:1)
  6 goblins (D:1)
  2 rats (D:1)
27 creatures vanquished.

Notes
Turn   | Place    | Note
-------+----------+-------------------------------------------
     0 | D:1      | Alarkh the Draconian Monk began the quest for the Orb.
     0 | D:1      | Reached XP level 1. HP: 19/19 MP: 1/1
    97 | D:1      | Reached XP level 2. HP: 21/26 MP: 2/2
   219 | D:1      | Reached skill level 4 in Axes
   632 | D:1      | Reached XP level 3. HP: 28/31 MP: 3/3
   846 | D:2      | Found a faded altar of an unknown god.
   869 | D:2      | Became a worshipper of Dithmenos the Shadowed
   869 | D:2      | Reached * piety under Dithmenos
   869 | D:2      | Reached ** piety under Dithmenos
   870 | D:2      | Quit the game

Skill      XL: |  1  2 |
---------------+-------+-----
Axes           | 4 |  4.6
Fighting       | |  3.2
Dodging        | |  2.6
Stealth        | |  1.7

Action                   || total
-------------------------++-------
Melee: Hand axe          ||    76
       Tailslap          ||     3
 Stab: Sleeping          ||     4
Armor: Skin              ||    29
Dodge: Dodged            ||    70
